 Dungeon Crawl Stone Soup version 0.18-a0-1523-gbe15c29 (webtiles) character file.

811 4thArraOfDagon the Chopper (level 7, -6/55 HPs)
             Began as a Centaur Air Elementalist on Mar 7, 2016.
             Was a Believer of Okawaru.
             Mangled by an ogre
             ... wielding a +0 giant club
              (23 damage)
             ... on level 5 of the Dungeon.
             The game lasted 00:19:13 (4074 turns).

4thArraOfDagon the Chopper (CeAE)                   Turns: 4074, Time: 00:19:14

Health: -6/55      AC:  5    Str: 11    XL:     7   Next: 61%
Magic:  3/10       EV:  9    Int: 16    God:    Okawaru [**....]
Gold:   137        SH:  0    Dex:  9    Spells: 3 memorised, 5 levels left

rFire  . . .     SeeInvis .     h - +0 war axe
rCold  + . .     Gourm    .     a - +0 robe
rNeg   . . .     Faith    .     (no shield)
rPois  .         Spirit   .     (no helmet)
rElec  .         Dismiss  .     A - +0 cloak
rCorr  .         Reflect  .     (no gloves)
SustAt .         Harm     .     (no barding)
MR     .....                    (no amulet)
Stlth  +.........               (no ring)
                                v - ring of protection from cold

@: very quick, not resistant to hostile enchantments, very unstealthy
A: hooves 3, deformed body, speed 2, tough skin 3
a: Heroism, Renounce Religion


You were on level 5 of the Dungeon.
You worshipped Okawaru.
Okawaru was pleased with you.
You were not hungry.

You visited 1 branch of the dungeon, and saw 6 of its levels.

You collected 297 gold pieces.
You spent 160 gold pieces at shops.

Inventory:

Hand Weapons
 h - a +0 war axe (weapon)
 j - a +2 quarterstaff of chaos
 o - a +0 battleaxe
Armour
 a - a +0 robe (worn)
 n - the cursed +0 robe of Cheibriados's Wrath {Int+7 Dex+2 Stlth-, unknown}
   (You found it on level 5 of the Dungeon)

   It affects your intelligence (+7).
   It affects your dexterity (+2).
   It makes you less stealthy.
   It has a curse placed upon it.
 A - a +0 cloak (worn)
Jewellery
 v - a ring of protection from cold (left hand)
Wands
 y - a wand of flame (0/48)
 z - a wand of slowing (9/48)
 B - a wand of iceblast (3/15)
 D - a wand of teleportation (1/9)
Scrolls
 d - 3 scrolls of remove curse
 e - a scroll of recharging {unknown}
 k - 2 scrolls of enchant armour {unknown}
 l - 2 scrolls of enchant weapon {unknown}
 m - 3 scrolls of teleportation
 r - 2 scrolls of identify
 s - a scroll of immolation {unknown}
 t - 3 scrolls of blinking
 x - a scroll of noise
 C - a scroll of fear {unknown}
Potions
 f - a potion of curing
 g - a potion of might
 i - 2 potions of ambrosia
 p - 2 potions of brilliance
 q - a potion of heal wounds
 u - a potion of agility
 w - a potion of degeneration {unknown}
Books
 b - a book of Air

   Spells                             Type                      Level
   a - Shock                          Conjuration/Air              1
   b - Swiftness                      Charms/Air                   2
   c - Repel Missiles                 Charms/Air                   2
   d - Static Discharge               Conjuration/Air              3
   e - Lightning Bolt                 Conjuration/Air              5
Comestibles
 c - 4 bread rations


   Skills:
 - Level 2.1 Fighting
 * Level 5.8 Axes
 - Level 1.3 Dodging
 - Level 1.2 Stealth
 - Level 2.1 Spellcasting
 - Level 2.1 Conjurations
 - Level 3.6 Air Magic
 + Level 2.9 Invocations


You had 5 spell levels left.
You knew the following spells:

 Your Spells              Type           Power        Failure   Level  Hunger
a - Shock                 Conj/Air       ##..         10%         1    #......
b - Repel Missiles        Chrm/Air       #.....       17%         2    ###....
c - Swiftness             Chrm/Air       #.......     17%         2    ###....


Dungeon Overview and Level Annotations

Branches:
Dungeon (6/15)
 Temple: D:4-7

Altars:
Cheibriados
Elyvilon
Fedhas
Kikubaaqudgha
Okawaru
Pakellas
Qazlal
Vehumet

Shops:
D:5 **

Annotations:
D:2 exclusion: oklob plant, Terence
D:4 tasslehoff34's ghost, amateur SpEn


Innate Abilities, Weirdness & Mutations

You have hooves in place of feet.
Armour fits poorly on your strangely shaped body.
You cover ground very quickly.
You have extremely tough skin (AC +3).


Message History

Aim: an ogre, wielding a giant club (heavily wounded)
The zap misses the ogre.
The zap hits the withered plant.
The withered plant appears unharmed.
Casting: Shock
Confirm with . or Enter, or press ? or * to list all spells.
Aiming: Shock
Press: ? - help, Shift-Dir - straight line, f/p - ogre
Aim: an ogre, wielding a giant club (heavily wounded)
The zap hits the ogre.
The ogre is severely wounded.
Your magical contamination has completely faded away.
Casting: Shock
Confirm with . or Enter, or press ? or * to list all spells.
Aiming: Shock
Press: ? - help, Shift-Dir - straight line, f/p - ogre
Aim: an ogre, wielding a giant club (severely wounded)
The zap hits the ogre.
The ogre is severely wounded.
The ogre hits you with a giant club!!
You die...

##.####
#.....##
###.#.#..##
#.....P...#
#.###....P##
#
#.#.#.P.P..#
#
#.#....P..P##
#
#.#....#.....
#
#@#._..##...#
#O#....#....#
#.#.....P.P##
#
#.#.#......#
#
#.###..P..##
# #....P.####
# #..##### #
##.# # #.#
...###


You could see an ogre.

Vanquished Creatures
  An ice beast (D:5)
  A sky beast (D:6)
  An ogre (D:5)
  2 giant frogs (D:6)
  A scorpion (D:6)
  A howler monkey (D:5)
  A giant frog skeleton (D:6)
  A giant frog zombie (D:6)
  A jelly (D:6)
  Crazy Yiuf (D:6)
  A worker ant (D:6)
  A hound zombie (D:5)
  7 adders
  2 oozes
  3 dart slugs (D:1)
  5 giant geckos
  7 ball pythons
  6 bats
  8 giant cockroaches
  6 goblins
  8 hobgoblins
  17 jackals
  A quokka (D:5)
  A giant cockroach zombie (D:6)
  3 giant newts
  2 kobolds
  6 rats
95 creatures vanquished.

Notes
Turn   | Place    | Note
--------------------------------------------------------------
     0 | D:1      | 4thArraOfDagon the Centaur Air Elementalist began the quest for the Orb.
     0 | D:1      | Reached XP level 1. HP: 14/14 MP: 3/3
   117 | D:2      | Reached skill level 1 in Conjurations
   158 | D:2      | Found a blossoming altar of Fedhas.
   196 | D:2      | Reached XP level 2. HP: 14/20 MP: 4/4
   239 | D:2      | Found a white marble altar of Elyvilon.
   245 | D:2      | Found an oddly glowing altar of Pakellas.
   251 | D:2      | Found an iron altar of Okawaru.
   255 | D:2      | Became a worshipper of Warmaster Okawaru
   269 | D:2      | Noticed Terence
   382 | D:4      | Noticed tasslehoff34's ghost (amateur SpEn)
   386 | D:5      | Entered Level 5 of the Dungeon
   549 | D:5      | Noticed a howler monkey
   581 | D:5      | Killed a howler monkey
   581 | D:5      | Reached XP level 3. HP: 7/26 MP: 1/6
   606 | D:5      | Learned a level 2 spell: Repel Missiles
   609 | D:5      | Learned a level 2 spell: Swiftness
   630 | D:5      | Found Feosappilley's Serpentskin Sales.
   632 | D:5      | Noticed a water moccasin
   887 | D:3      | Reached XP level 4. HP: 10/33 MP: 3/7
  1110 | D:1      | Reached skill level 1 in Fighting
  1814 | D:2      | Reached XP level 5. HP: 41/41 MP: 5/8
  2107 | D:2      | Noticed an oklob plant
  2191 | D:3      | Reached skill level 1 in Axes
  2982 | D:5      | Noticed an ice beast
  2985 | D:5      | Found a stormy altar of Qazlal.
  3023 | D:5      | Reached skill level 2 in Axes
  3032 | D:5      | Noticed an ogre
  3072 | D:5      | Killed an ice beast
  3072 | D:5      | Reached * piety under Okawaru
  3072 | D:5      | Reached skill level 3 in Axes
  3072 | D:5      | Reached XP level 6. HP: 14/48 MP: 0/9
  3105 | D:5      | Reached skill level 4 in Axes
  3545 | D:6      | Reached skill level 1 in Invocations
  3569 | D:6      | Reached ** piety under Okawaru
  3569 | D:6      | Reached XP level 7. HP: 22/55 MP: 4/10
  3589 | D:6      | Found a radiant altar of Vehumet.
  3592 | D:6      | Found a snail-covered altar of Cheibriados.
  3630 | D:6      | Reached skill level 5 in Axes
  3758 | D:6      | Noticed Crazy Yiuf
  3778 | D:6      | Killed Crazy Yiuf
  4016 | D:5      | Found Kuiph's General Store.
  4019 | D:5      | Bought a wand of teleportation (1/9) for 150 gold pieces
  4019 | D:5      | Bought a scroll of random uselessness for 10 gold pieces
  4032 | D:5      | Found an ancient bone altar of Kikubaaqudgha.
  4052 | D:5      | Got a wizard robe
  4074 | D:5      | Mangled by an ogre

Vault maps used:
D:1:      dpeg_arrival_rooms_b, minmay_misc_feat_x
D:2:      tgw_fedhas, grunt_temple_overflow_diamond, first_bread, uniq_terence
D:4:      serial_shops, shop
D:5:      kiku_gazebo_garden_becter, nicolae_qazlal_general_emergency,
          serial_shops, kennysheep_mini, guppyfry_shop_venom
D:6:      minitemple, temple_fountains, grunt_ministairs_1, fountainhead,
          uniq_crazy_yiuf_cottage

Skill      XL: |  1  2  3  4  5  6  7 |
---------------+----------------------+-----
Conjurations   | 1 2 |  2.1
Air Magic      | 3 |  3.6
Spellcasting   | 2 |  2.1
Fighting       | 2 |  2.1
Axes           | 3 4 5 |  5.8
Invocations    | 1 2 |  2.9
Dodging        | |  1.3
Stealth        | |  1.2

Action                   |  1- 3 |  4- 6 |  7- 9 || total
-------------------------+-------+-------+-------++-------
Melee: Short sword       |    53 |   111 |       ||   164
       War axe           |       |    98 |    21 ||   119
 Cast: Shock             |    14 |    76 |    28 ||   118
Invok: Heroism           |       |     1 |     1 ||     2
Evoke: Wand              |       |     2 |     7 ||     9
  Use: Scroll            |     6 |     3 |       ||     9
       Potion            |     1 |       |       ||     1
  Eat: Chunk             |       |     8 |     1 ||     9
       Fruit             |       |       |     2 ||     2
